 Dungeon Crawl Stone Soup version 0.27.0-1-g7a089689b8 (webtiles) character file.

Game seed: 16095144368943346078

450 SnakkuSnakku7 the Ruffian (level 6, -4/62 HPs)
             Began as a Troll Fire Elementalist on Aug 9, 2021.
             Killed from afar by a white imp (5 damage)
             ... with a puff of frost
             ... summoned by Eustachio
             ... on level 4 of the Dungeon.
             The game lasted 00:04:20 (3237 turns).

SnakkuSnakku7 the Ruffian (Troll Fire Elementalist) Turns: 3237, Time: 00:04:21

Health: -4/62      AC:  4    Str: 17      XL:     6   Next: 74%
Magic:  6/6        EV:  9    Int: 11      God:
Gold:   150        SH:  0    Dex:  7 (12) Spells: 6/7 levels left

rFire    + . .     SeeInvis .     - Unarmed
rCold    + . .     Faith    .   (no shield)
rNeg     . . .     Spirit   .   a - +0 robe
rPois    .         Reflect  .   (helmet restricted)
rElec    .         Harm     .   i - scarf {rC+ rF+}
rCorr    .         Rampage  .   (gloves unavailable)
Will     .....                  (boots unavailable)
Stlth    +.........             (no amulet)
HPRegen  1.20/turn              (no ring)
MPRegen  0.10/turn              (no ring)

@: no status effects
A: large, unfitting armour, claws 3, regeneration 1, shaggy fur 1, tough skin 1
a: no special abilities


You were on level 4 of the Dungeon.
You visited 1 branch of the dungeon, and saw 5 of its levels.

You collected 150 gold pieces.

Inventory:

Armour
 a - a +0 robe (worn)
 i - a scarf of resistance (worn)
Scrolls
 e - 2 scrolls of fog {unknown}
 f - a scroll of noise
 h - a scroll of immolation {unknown}
 j - a scroll of enchant armour {unknown}
 m - 2 scrolls of identify {unknown}
Potions
 b - a potion of haste {unknown}
 d - a potion of invisibility {unknown}
 g - a potion of magic {unknown}
 k - 2 potions of curing
 l - a potion of lignification {unknown}
 n - a potion of flight {unknown}
 o - a potion of might {unknown}


   Skills:
 + Level 3.9 Fighting
 - Level 1.5 Dodging
 - Level 1.0 Stealth
 + Level 4.8 Unarmed Combat
 - Level 1.2 Spellcasting
 - Level 0.6 Conjurations
 - Level 2.1 Fire Magic


You had 6 spell levels left.
You knew the following spells:

 Your Spells              Type           Power      Damage    Failure   Level
a - Foxfire               Conj/Fire      12%        2x1d4     19%         1

Your spell library contained the following spells:

 Spells                   Type           Power      Damage    Failure   Level
 Conjure Flame            Conj/Fire      3%         6-21      47%         3
 Inner Flame              Hex/Fire       3%         N/A       52%         3
 Sticky Flame             Conj/Fire      3%         2d3       87%         4
 Leda's Liquefaction      Hex/Erth       0%         N/A       97%         4
 Bolt of Magma            Conj/Fire/Erth 1%         4d4       99%         5
 Fireball                 Conj/Fire      1%         3d3       99%         5
 Statue Form              Tmut/Erth      0%         N/A       100%        6


Dungeon Overview and Level Annotations

Branches:
Dungeon (5/15)
 Temple: D:4-7

Altars:
Yredelemnul
Beogh

Annotations:
D:4 Eustachio


Innate Abilities, Weirdness & Mutations

You are too large for most types of armour.
You have claws for hands.
Your natural rate of healing is unusually fast.
You are covered in fur. (AC +1)
You have tough skin. (AC +1)


Message History

The puff of frost hits you. You resist.
You closely miss the river rat. The bat hits you but does no damage.
The ufetubus closely misses you. The ufetubus hits you.
* * * LOW HITPOINT WARNING * * *
The quasit bites you but does no damage.
The quasit claws you but does no damage. x2
The river rat barely misses you. The bat misses you. The white imp hits you.
* * * LOW HITPOINT WARNING * * *
The white imp freezes you. You resist.
* * * LOW HITPOINT WARNING * * *
The ufetubus misses you. The ufetubus hits you.
* * * LOW HITPOINT WARNING * * *
You feel better. The bat hits you but does no damage.
The quasit barely misses you. x2; The quasit misses you.
The ufetubus hits you.
* * * LOW HITPOINT WARNING * * *
The ufetubus hits you.
* * * LOW HITPOINT WARNING * * *
The river rat bites you.
* * * LOW HITPOINT WARNING * * *
The white imp hits you.
* * * LOW HITPOINT WARNING * * *
The white imp freezes you. You resist.
* * * LOW HITPOINT WARNING * * *
The quasit bites you but does no damage.
The quasit barely misses you.
The quasit claws you but does no damage.
As you read the scroll labelled CEXZASYONE, it crumbles to dust.
You hear a loud clanging noise!
It was a scroll of noise.
The bat hits you but does no damage. x2
The ufetubus hits you.
* * * LOW HITPOINT WARNING * * *
The ufetubus hits you.
* * * LOW HITPOINT WARNING * * *
The river rat closely misses you.
The quasit bites you but does no damage.
The quasit claws you but does no damage. x2
The white imp lashes its tail.
The white imp gestures at you. The puff of frost hits you. You resist.
You die...

........#.# #..≈.≈♣≈.≈..#
###.###.#.# #..≈.≈≈≈.≈..#
###.###.#.# #..≈.....≈..#
..........# #..≈≈≈≈≈≈≈..###
###.###.### #...........'.# #
#.###.######...........#.###♣♣♣ #
#..........#############..##≈♣) #
#####.###..#>r.5b...#.##.....≈)
#######.###..###@5r@..........♣PP
.............# #b5.##.#.......♣♣♣
#######.####.# ######.#.#......#
#######.# #.# #.#.##...#.#
........# #.########.#.###.##.#
######### #..........#.######.#
############........# ##########


You could see Eustachio, a quasit (summoned), a river rat (summoned), a white
imp (summoned), an ufetubus (summoned), a quokka (summoned) and 2 bats.

Vanquished Creatures
  The ghost of JBAR the Twirler, an amateur DrGl (D:3)
  A water moccasin zombie (D:3)
  A centaur skeleton (D:4)
  A jelly (D:4)
  An orc priest (D:3)
  Terence (D:2)
  4 gnolls (D:2)
  4 adders
  An adder zombie (D:3)
  2 worms (D:2)
  2 dart slugs (D:2)
  16 orcs
  6 endoplasms
  2 giant cockroaches
  9 goblins
  10 hobgoblins
  13 jackals
  4 kobolds
  3 quokkas
  A ball python (D:2)
  5 bats
  2 frilled lizards
  A quokka zombie (D:3)
91 creatures vanquished.

Vanquished Creatures (others)
  4 foxfires
  A plant (D:4)
5 creatures vanquished.

Grand Total: 96 creatures vanquished

Notes
Turn   | Place    | Note
-------+----------+-------------------------------------------
     0 | D:1      | SnakkuSnakku7 the Troll Fire Elementalist began the quest
                  | for the Orb.
     0 | D:1      | Reached XP level 1. HP: 16/16 MP: 1/1
   180 | D:1      | Reached skill level 1 in Unarmed Combat
   191 | D:1      | Reached XP level 2. HP: 24/26 MP: 2/2
   207 | D:1      | Reached skill level 1 in Fighting
   282 | D:1      | Found a faded altar of an unknown god.
   787 | D:2      | Reached XP level 3. HP: 33/33 MP: 3/3
   894 | D:2      | Reached skill level 2 in Unarmed Combat
  1138 | D:2      | Reached XP level 4. HP: 36/42 MP: 4/4
  1228 | D:2      | Noticed Terence
  1293 | D:2      | Killed Terence
  1294 | D:2      | Reached skill level 3 in Unarmed Combat
  1609 | D:3      | Reached XP level 5. HP: 43/50 MP: 5/5
  1829 | D:3      | Found a basalt altar of Yredelemnul.
  1860 | D:3      | Found a runed translucent gate.
  1860 | D:3      | Found a runed translucent gate.
  1860 | D:3      | Found a runed translucent gate.
  1867 | D:3      | Reached skill level 4 in Unarmed Combat
  1868 | D:3      | Noticed JBAR's ghost (amateur DrGl)
  2074 | D:3      | Identified the +1 ring mail of Marbles {Int+7}
  2252 | D:3      | Killed JBAR's ghost
  2253 | D:3      | Reached XP level 6. HP: 37/61 MP: 6/6
  3148 | D:5      | Entered Level 5 of the Dungeon
  3168 | D:5      | Noticed Eustachio
  3237 | D:4      | HP: 2/62 [ufetubus[Eustachio] (3)]
  3237 | D:4      | Killed from afar by a white imp

Illustrated notes

Levels and vault maps discovered:
D:1:      eino_arrival_water_cross, layout_loops_cross,
          hellmonk_ecumenical_altar_run_dry
D:2:      layout_loops_corners, uniq_terence
D:3:      layout_basic, nicolae_yredelemnul_corpse_copse,
          biasface_ghost_orc_armoury
D:4:      layout_loops_ring, serial_bayou, serial_bayou_shore_b,
          serial_bayou_crossing, serial_bayou_ford_a, serial_bayou_pond_b,
          kennysheep_small_spiral
D:5:      layout_rooms, nicolae_qazlal_scattered_showers,
          nicolae_overflow_hidden_temple, amcnicky_mini_rare_corridor_liquid,
          serial_bayou_pond_c, uniq_duvessa, uniq_eustachio

Skill      XL: |  1  2  3  4  5 |
---------------+----------------+-----
Unarmed Combat | 1 2 3 4 |  4.8
Fighting       | 1 2 3 |  3.9
Dodging        | |  1.5
Stealth        | |  1.0
Spellcasting   | |  1.2
Conjurations   | |  0.6
Fire Magic     | |  2.1

Action                   |  1- 3 |  4- 6 || total
-------------------------+-------+-------++-------
Melee: Unarmed           |   106 |   227 ||   333
       Punch             |       |     4 ||     4
 Cast: Foxfire           |       |     2 ||     2
  Use: Scroll            |       |     2 ||     2
       Potion            |       |     1 ||     1
 Stab: Sleeping          |     1 |     5 ||     6
       Distracted        |     1 |       ||     1
Armor: Robe              |    28 |    95 ||   123
Dodge: Dodged            |    56 |   149 ||   205
